 Dungeon Crawl Stone Soup version 0.23-a0-54-gae6112e (webtiles) character file.

350690 erloom the Warrior (level 22, 0/175 HPs)
             Began as a Gnoll Wanderer on June 27, 2018.
             Was a High Priest of Okawaru.
             Slain by an ettin
             ... wielding a +0 dire flail
              (10 damage)
             ... on level 4 of the Vaults on Aug 8, 2018.
             The game lasted 04:25:32 (73345 turns).

erloom the Warrior (Gnoll Wanderer)                Turns: 73345, Time: 04:25:35

Health: 0/175      AC: 33    Str: 21      XL:     22   Next: 21%
Magic:  36/40      EV: 11    Int: 24 (25) God:    Okawaru [*****.]
Gold:   1619       SH: 16    Dex: 16      Spells: 40/49 levels left

rFire    . . .     SeeInvis .   a - +6 broad axe (flame)
rCold    . . .     Gourm    .   H - +2 shield
rNeg     . . .     Faith    .   C - +2 crystal plate armour
rPois    +         Spirit   .   W - +3 hat of the Lair of Beasts {rElec rCorr Int+5}
rElec    +         Reflect  .   P - scarf {repulsion}
rCorr    +         Harm     .   v - +0 pair of gloves {Str+3}
MR       ++...                  I - +2 pair of boots {run}
Stlth    ..........             e - amulet of the acrobat
HPRegen  0.00/turn              w - ring of protection from magic
MPRegen  0.27/turn              Z - ring of poison resistance

@: about to teleport, finesse, repel missiles, quick
A: distributed training, fangs 1, deterioration 1, inhibited regeneration,
strong nose
}: 2/15 runes: serpentine, barnacled
a: Heroism, Finesse, Renounce Religion


You were on level 4 of the Vaults.
You worshipped Okawaru.
Okawaru was extremely pleased with you.
You were not hungry.

You visited 8 branches of the dungeon, and saw 39 of its levels.
You visited the Abyss 1 time.
You visited 1 bazaar.
You also visited: Labyrinth, Bailey and Ice Cave.

You collected 4499 gold pieces.
You spent 2880 gold pieces at shops.

Inventory:

Hand Weapons
 a - a +6 broad axe of flaming (weapon)
 b - the +8 hunting sling of Subjectivity {flame, rC+ Dex-5 Stlth+}
   (Okawaru gifted it to you on level 1 of the Vaults)

   It causes projectiles fired from it to burn those they strike, causing extra
   injury to most foes and up to half again as much damage against particularly
   susceptible opponents.
   It affects your dexterity (-5).
   It protects you from cold.
   It makes you more stealthy.
 Q - a +2 demon blade of draining
Missiles
 d - 16 steel javelins
 s - 17 poisoned javelins (quivered)
 B - 132 stones
 R - 30 javelins of returning
 T - 7 poisoned tomahawks
 V - 8 throwing nets
Armour
 q - the +2 ring mail of Levity {rElec rN+++ Dex-3}
   (You found it on level 3 of the Vaults)

   It affects your dexterity (-3).
   It insulates you from electricity.
   It renders you almost immune to negative energy.
 v - a +0 pair of gloves of strength (worn)
 C - a +2 crystal plate armour (worn)
 H - a +2 shield (worn)
 I - a +2 pair of boots of running (worn)
 P - a scarf of repulsion (worn)
 W - the +3 hat of the Lair of Beasts (worn) {rElec rCorr Int+5}
   (Okawaru gifted it to you on level 3 of the Snake Pit)

   It affects your intelligence (+5).
   It insulates you from electricity.
   It provides partial protection from all sources of acid and corrosion.
Jewellery
 e - an amulet of the acrobat (around neck)
 n - an uncursed ring of see invisible
 w - a ring of protection from magic (left hand)
 y - an uncursed ring of protection from cold
 M - the amulet of the Air {Inacc +Fly rElec EV+5 RMsl}
   (You found it on level 6 of the Lair of Beasts)

   [amulet of inaccuracy]

   It reduces the accuracy of all your attacks.
   It affects your evasion (+5).
   It insulates you from electricity.
   It lets you fly.
   It protects you from missiles.
 X - an uncursed ring of protection from magic
 Z - a ring of poison resistance (right hand)
Wands
 l - a wand of digging (70)
 A - a wand of iceblast (6)
 G - a wand of scattershot (3)
 J - a wand of acid (8)
Scrolls
 c - 5 scrolls of teleportation
 i - 5 scrolls of summoning
 p - 3 scrolls of magic mapping
 r - 8 scrolls of fear
 u - 4 scrolls of blinking
 z - 5 scrolls of fog
 E - 16 scrolls of remove curse
 K - a scroll of enchant armour
 S - 11 scrolls of identify
Potions
 g - 13 potions of curing
 h - 2 potions of mutation
 j - a potion of heal wounds
 m - a potion of resistance
 o - 4 potions of berserk rage
 t - 2 potions of cancellation
 x - 3 potions of might
 D - 2 potions of flight
 F - 2 potions of magic
 O - 7 potions of haste
 U - 2 potions of invisibility
Miscellaneous
 k - a lightning rod (4/4)
 L - a fan of gales
Comestibles
 f - 74 rations


   Skills:
 + Level 15.3 Fighting
 + Level 14.2 Short Blades
 + Level 14.2 Long Blades
 + Level 14.2 Axes
 + Level 14.2 Maces & Flails
 + Level 14.2 Polearms
 + Level 14.2 Staves
 + Level 14.2 Slings
 + Level 14.2 Bows
 + Level 14.2 Crossbows
 + Level 14.2 Throwing
 + Level 14.2 Armour
 + Level 14.4 Dodging
 + Level 14.4 Stealth
 + Level 14.2 Shields
 + Level 14.4 Unarmed Combat
 + Level 14.2 Spellcasting
 + Level 12.2 Conjurations
 + Level 12.2 Hexes
 + Level 12.2 Charms
 + Level 12.2 Summonings
 + Level 12.2 Necromancy
 + Level 13.2 Translocations
 + Level 12.2 Transmutations
 + Level 12.2 Fire Magic
 + Level 12.2 Ice Magic
 + Level 12.2 Air Magic
 + Level 12.2 Earth Magic
 + Level 12.2 Poison Magic
 + Level 15.3 Invocations
 + Level 14.4 Evocations


You had 40 spell levels left.
You knew the following spells:

 Your Spells              Type           Power        Failure   Level  Hunger
a - Blink                 Tloc           N/A          1%          2    None
b - Shroud of Golubria    Chrm/Tloc      ######....   1%          2    None
c - Summon Butterflies    Summ           ######..     1%          1    None
d - Summon Lightning Spi  Summ/Air       ######..     12%         4    None

Your spell library contained the following spells:

 Spells                   Type           Power        Failure   Level  Hunger
 Apportation              Tloc           ######       1%          1    None
 Bolt of Cold             Conj/Ice       ######....   88%         6    #####..
 Lightning Bolt           Conj/Air       ######....   32%         5    ##.....
 Bolt of Magma            Conj/Fire/Erth ######....   32%         5    ##.....
 Confuse                  Hex            ######..     3%          3    None
 Invisibility             Hex            ######..     88%         6    #####..
 Freezing Cloud           Conj/Ice/Air   ######....   88%         6    #####..
 Mephitic Cloud           Conj/Pois/Air  ######..     3%          3    None
 Venom Bolt               Conj/Pois      ######....   32%         5    ##.....
 Olgreb's Toxic Radiance  Pois           ######..     12%         4    None
 Teleport Other           Tloc           ######..     2%          3    None
 Summon Small Mammal      Summ           ####         1%          1    None
 Bolt of Draining         Conj/Necr      ######....   32%         5    ##.....
 Animate Skeleton         Necr           N/A          1%          1    None
 Ozocubu's Refrigeration  Ice            ######....   88%         6    #####..
 Ozocubu's Armour         Chrm/Ice       ######..     3%          3    None
 Dispel Undead            Necr           ######..     32%         5    ##.....
 Sting                    Conj/Pois      ####         1%          1    None
 Sublimation of Blood     Necr           ######....   1%          2    None
 Tukima's Dance           Hex            ######..     3%          3    None
 Corpse Rot               Necr           N/A          1%          2    None
 Iron Shot                Conj/Erth      ######....   88%         6    #####..
 Stone Arrow              Conj/Erth      ######       3%          3    None
 Shock                    Conj/Air       ####         1%          1    None
 Swiftness                Chrm/Air       ######..     1%          2    None
 Agony                    Necr           ######..     32%         5    ##.....
 Blade Hands              Tmut           ######....   32%         5    ##.....
 Ice Form                 Ice/Tmut       ######..     12%         4    None
 Deflect Missiles         Chrm/Air       ######....   88%         6    #####..
 Airstrike                Air            ######....   12%         4    None
 Confusing Touch          Hex            ######       1%          1    None
 Passwall                 Tmut/Erth      ######..     1%          2    None
 Ignite Poison            Fire/Tmut/Pois ######..     3%          3    None
 Metabolic Englaciation   Hex/Ice        ######....   32%         5    ##.....
 Silence                  Hex/Air        ######....   32%         5    ##.....
 Static Discharge         Conj/Air       ######..     3%          3    None
 Alistair's Intoxication  Tmut/Pois      ######..     32%         5    ##.....
 Simulacrum               Ice/Necr       ######....   88%         6    #####..
 Conjure Ball Lightning   Conj/Air       ######....   88%         6    #####..
 Excruciating Wounds      Chrm/Necr      ######....   32%         5    ##.....
 Petrify                  Tmut/Erth      ######..     12%         4    None
 Passage of Golubria      Tloc           N/A          9%          4    None
 Orb of Destruction       Conj           ######....   100%        7    ######.
 Tornado                  Air            ######....   100%        9    #######
 Leda's Liquefaction      Hex/Erth       ######....   12%         4    None
 Summon Hydra             Summ           ######....   100%        7    ######.
 Iskenderun's Battlesphe  Conj/Chrm      ######..     32%         5    ##.....
 Infusion                 Chrm           ####         1%          1    None
 Summon Forest            Summ/Tloc      ######....   28%         5    ##.....
 Spellforged Servitor     Conj/Summ      ######....   100%        7    ######.
 Hydra Form               Tmut           ######....   88%         6    #####..
 Gell's Gravitas          Tloc           ######....   2%          3    None
 Yara's Violent Unravell  Hex/Tmut       ######....   32%         5    ##.....
 Lesser Beckoning         Tloc           ######....   2%          3    None
 Poisonous Vapours        Pois/Air       ######       1%          2    None


Dungeon Overview and Level Annotations

Branches:
Dungeon (15/15)            Temple (1/1) D:4            Lair (6/6) D:8
 Shoals (4/4) Lair:3        Snake (4/4) Lair:2        Slime (0/5) Lair:6
    Orc (2/2) D:9             Elf (3/3) Orc:2        Vaults (4/5) D:13
  Crypt (0/3) Vaults:2     Depths (0/5) D:15

Altars:
Ashenzari
Cheibriados
Elyvilon
Fedhas
Gozag
Hepliaklqana
Kikubaaqudgha
Makhleb
Okawaru
Qazlal
Ru
Sif Muna
Uskayaw
Vehumet
Wu Jian
Xom
Zin
The Shining One
Beogh
Jiyva

Shops:
D:10 !   D:11 %?   D:12 (   Orc:1 (   Orc:2 [([(?   Shoals:3 ?   Snake:1 ?
Snake:3 :   Vaults:3 [

Annotations:
Lair:2 exclusion: upstairs
Snake:3 exclusion: oklob plant
Orc:1 1 runed door, Orghapte's ghost, journeyman NaWz


Innate Abilities, Weirdness & Mutations

Your experience applies equally to all skills.
You have very sharp teeth.
Your uncanny sense of smell can sniff out nearby items.
Your body sometimes deteriorates upon taking damage.
You do not regenerate when monsters are visible.


Message History

Okawaru accepts your kill. You block the ettin's attack. x2
You slash the fire giant!
You kill the fire giant!
Okawaru accepts your kill.
You hit the great orb of eyes. You burn the great orb of eyes.
You hit the ettin. You burn the ettin. The great orb of eyes bites you.
* * * LOW HITPOINT WARNING * * *
Unknown command.
You slash the ettin! You burn the ettin.
The ettin is moderately wounded.
You hit the great orb of eyes but do no damage.
Your crystal plate armour prevents you from hitting the ettin.
The ettin is moderately wounded.
You completely miss the great orb of eyes.
The great orb of eyes bites you but does no damage.
The ettin hits you with a dire flail!!
* * * LOW HITPOINT WARNING * * *
The ettin hits you with a dire flail!
You die...

∆ # ...####
.......########+##
.......GC......... ..#
C......#@)........ ...# #
..#....#.)####..## #..# #
.......#..# #[.+ #..###
.......#..# #..# #..#..
.#.....#..#+##..####..+..
...#####..............###
### #..............# #
#..####..####..# # #..#
+..#..#..#


You could see a great orb of eyes and an ettin.

Vanquished Creatures
  Mara (Shoals:3)
  Vashnia (Snake:4)
  Jorgrun (Snake:2)
  An Ice Fiend (IceCv)
  A deep elf blademaster (Elf:2)
  A tentacled starspawn (Abyss:3)
  Kirke (Shoals:1)
  5 nagarajas
  A fire giant (Vaults:4)
  Ilsuiw (Shoals:4)
  A deep elf sorcerer (Elf:1)
  An orc warlord (Orc:2)
  4 vault wardens
  A ghoul (Vaults:1)
  2 deep elf elementalists (Elf:1)
  3 very ugly things
  7 ironheart preservers
  9 stone giants
  An entropy weaver (Vaults:3)
  2 deep elf demonologists
  A deep elf annihilator (Vaults:2)
  A minotaur (Lab)
  6 merfolk javelineers
  5 ettins
  6 merfolk impalers
  5 yaktaur captains
  An ettin (shapeshifter) (Vaults:1)
  Josephine (Lair:6)
  6 great orbs of eyes
  4 fire dragons
  Harold (Lair:4)
  2 rakshasas
  3 vault guards (Vaults:2)
  20 naga warriors
  A catoblepas (Lair:6)
  8 hydras
  3 alligator snapping turtles
  8 merfolk aquamancers
  6 centaur warriors
  8 ogre magi
  6 death knights
  19 anacondas
  3 merfolk avatars
  19 two-headed ogres
  2 satyrs
  A tengu warrior (D:13)
  2 deep troll earth magi
  18 dancing weapons
  7 death yaks
  A death yak (shapeshifter) (Vaults:3)
  3 deep troll shamans
  An orc high priest (Orc:2)
  11 naga sharpshooters
  11 shock serpents
  16 deep elf knights
  15 skeletal warriors
  3 shadow wraiths
  2 salamander mystics
  An unseen horror (D:15)
  A flayed ghost (Vaults:3)
  A glowing orange brain (shapeshifter) (Vaults:3)
  A swamp dragon (Lair:6)
  6 deep trolls
  15 sea snakes
  2 glowing orange brains
  3 wizards
  15 naga ritualists
  17 ironbrand convokers
  18 orc knights
  7 deep elf archers
  17 mana vipers
  5 phantasmal warriors
  38 deep elf magi
  5 wolf spiders
  18 harpies
  8 fauns
  A shining eye (Abyss:3)
  4 orc sorcerers
  5 ugly things
  A salamander (shapeshifter) (D:15)
  12 salamanders
  12 elephants
  8 manticores
  2 centaur zombies
  6 cyclopes
  An ice statue (IceCv)
  5 merfolk sirens
  20 vault sentinels
  38 black mambas
  8 guardian serpents
  13 naga magi
  9 water nymphs
  7 spiny frogs
  3 rime drakes (Lair:6)
  2 efreet
  9 freezing wraiths
  8 gargoyles
  A spiny frog (shapeshifter) (D:15)
  A yaktaur (shapeshifter) (D:15)
  28 yaktaurs
  An anaconda simulacrum (IceCv)
  5 ice devils (IceCv)
  6 komodo dragons
  4 kobold demonologists
  2 meliai (shapeshifter)
  A queen bee (Lair:2)
  26 merfolk
  2 tengu conjurers
  The ghost of pk666 the Magician, a novice DEFE (D:6)
  3 meliai (D:14)
  A queen bee (shapeshifter) (Vaults:3)
  8 trolls
  9 polar bears (Lair:6)
  5 wind drakes
  4 hornets
  32 slime creatures
  11 blink frogs
  3 raiju (Lair:6)
  A tengu simulacrum (Vaults:1)
  10 snapping turtles
  A snapping turtle (shapeshifter) (Vaults:3)
  11 hippogriffs
  2 human simulacra
  9 wraiths
  A shadow (D:13)
  4 dire elephant simulacra (IceCv)
  A basilisk (shapeshifter) (Vaults:2)
  11 water elementals
  A hog (shapeshifter) (D:13)
  5 wyverns
  A redback (Vaults:3)
  6 hogs (Shoals:1)
  54 yaks
  3 fire elementals
  3 basilisks
  4 hungry ghosts (Lab)
  A golden eye (shapeshifter) (Vaults:4)
  A death yak simulacrum (IceCv)
  A steam dragon (Lair:6)
  5 harpy simulacra (IceCv)
  2 vampire mosquitoes (D:15)
  3 acid dragons
  56 nagas
  An iron troll simulacrum (IceCv)
  11 wargs
  3 hydra simulacra (IceCv)
  12 hell hounds (Lair:6)
  9 porcupines
  16 water moccasins
  5 sky beasts
  2 swamp drakes (Lair:6)
  An ice beast (shapeshifter) (Vaults:1)
  4 phantoms
  3 ice beasts
  63 orc warriors
  A sky beast (shapeshifter) (Vaults:3)
  15 black bears
  2 eyes of draining (shapeshifter)
  2 black bears (shapeshifter) (Vaults:1)
  19 ogres
  2 ettin simulacra
  A necrophage (D:12)
  A boggart (Vaults:1)
  A tengu (shapeshifter) (Vaults:3)
  An alligator simulacrum (IceCv)
  27 wolves
  10 centaurs
  10 crocodiles
  3 big kobolds
  An earth elemental (Elf:1)
  A small abomination (Abyss:3)
  15 bullfrogs
  6 scorpions
  An elephant simulacrum (IceCv)
  23 killer bees
  4 wights
  5 electric eels
  5 crimson imps
  4 starcursed masses (Abyss:3)
  A bullfrog zombie (D:12)
  4 draconian simulacra (IceCv)
  A quasit (D:13)
  4 hounds
  7 centaur skeletons
  A gnoll shaman (D:7)
  24 orc priests
  12 jellies
  28 orc wizards
  A bullfrog skeleton (D:10)
  6 iguanas
  2 troll simulacra (IceCv)
  10 worker ants
  2 hell rats (Lair:3)
  A spriggan simulacrum (IceCv)
  A wolf simulacrum (IceCv)
  A polar bear simulacrum (IceCv)
  A hound zombie (D:9)
  7 gnolls
  2 naga simulacra (IceCv)
  17 adders
  2 ogre simulacra
  10 river rats
  5 shadow imps
  6 white imps
  6 ufetubi
  6 oozes
  An adder zombie (D:6)
  2 worms
  7 leopard geckos
  139 orcs
  2 ball pythons
  5 giant cockroaches
  5 goblins
  6 hobgoblins
  7 jackals
  5 quokkas
  4 bats
  7 frilled lizards
  32 kobolds
  2 leopard gecko skeletons
  A leopard gecko zombie (D:6)
  A quokka skeleton (D:5)
  12 rats
  24 plants
  A starspawn tentacle (Abyss:3)
1705 creatures vanquished.

Vanquished Creatures (others)
  An unseen horror (D:15)
  A deep elf mage (Elf:2)
  2 water elementals (Elf:1)
  An ogre (Vaults:4)
  An ufetubus (IceCv)
  22 fungi
  42 plants
  3 starspawn tentacles (Abyss:3)
73 creatures vanquished.

Grand Total: 1778 creatures vanquished

Notes
Turn   | Place    | Note
-------+----------+-------------------------------------------
     0 | D:1      | erloom the Gnoll Wanderer began the quest for the Orb.
     0 | D:1      | erloom set off with: a potion of lignification, a scroll of teleportation, a +0 robe, a +0 club, a ration
     0 | D:1      | Reached XP level 1. HP: 23/23 MP: 2/2
   308 | D:1      | Reached XP level 2. HP: 29/29 MP: 3/3
   921 | D:1      | Reached XP level 3. HP: 25/35 MP: 4/4
  1571 | D:2      | Reached skill level 1 in Invocations
  1759 | D:2      | Upgraded the game from 0.22-a0-558-gc224181 to 0.22-a0-565-gfc6459a
  2230 | D:3      | Reached skill level 1 in Short Blades
  2230 | D:3      | Reached skill level 1 in Long Blades
  2230 | D:3      | Reached skill level 1 in Axes
  2230 | D:3      | Reached skill level 1 in Maces & Flails
  2230 | D:3      | Reached skill level 1 in Polearms
  2230 | D:3      | Reached skill level 1 in Staves
  2230 | D:3      | Reached skill level 1 in Slings
  2230 | D:3      | Reached skill level 1 in Bows
  2230 | D:3      | Reached skill level 1 in Crossbows
  2230 | D:3      | Reached skill level 1 in Throwing
  2230 | D:3      | Reached skill level 1 in Armour
  2230 | D:3      | Reached skill level 1 in Shields
  2230 | D:3      | Reached skill level 1 in Spellcasting
  2230 | D:3      | Reached XP level 4. HP: 41/41 MP: 4/6
  2301 | D:3      | Found a faded altar of an unknown god.
  2468 | D:3      | Reached skill level 1 in Conjurations
  2468 | D:3      | Reached skill level 1 in Hexes
  2468 | D:3      | Reached skill level 1 in Charms
  2468 | D:3      | Reached skill level 1 in Summonings
  2468 | D:3      | Reached skill level 1 in Necromancy
  2468 | D:3      | Reached skill level 1 in Transmutations
  2468 | D:3      | Reached skill level 1 in Fire Magic
  2468 | D:3      | Reached skill level 1 in Ice Magic
  2468 | D:3      | Reached skill level 1 in Air Magic
  2468 | D:3      | Reached skill level 1 in Earth Magic
  2468 | D:3      | Reached skill level 1 in Poison Magic
  2731 | D:3      | Reached XP level 5. HP: 46/47 MP: 7/7
  2976 | D:4      | Found a staircase to the Ecumenical Temple.
  2994 | Temple   | Entered the Ecumenical Temple
  3027 | Temple   | Became a worshipper of Warmaster Okawaru
  3072 | D:4      | Reached XP level 6. HP: 51/53 MP: 8/8
  3127 | D:4      | Found a deep blue altar of Sif Muna.
  3228 | D:4      | You fall through a shaft!
  3228 | D:5      | Entered Level 5 of the Dungeon
  4277 | D:5      | Found a radiant altar of Vehumet.
  4277 | D:5      | Noticed a phantom
  4291 | D:5      | Reached XP level 7. HP: 59/59 MP: 10/10
  4295 | D:5      | Found a burning altar of Makhleb.
  4427 | D:5      | Reached * piety under Okawaru
  4825 | D:6      | Reached XP level 8. HP: 59/67 MP: 12/12
  5164 | D:6      | Found a runed door.
  5168 | D:6      | Noticed pk666's ghost (novice DEFE)
  5462 | D:6      | Reached ** piety under Okawaru
  6674 | D:7      | Reached XP level 9. HP: 72/72 MP: 14/14
  7053 | D:8      | Reached *** piety under Okawaru
  7157 | D:8      | Reached skill level 5 in Dodging
  7157 | D:8      | Reached skill level 5 in Unarmed Combat
  7157 | D:8      | Reached skill level 5 in Evocations
  7541 | D:8      | Reached skill level 5 in Stealth
  7627 | D:8      | Found a staircase to the Lair.
  7637 | D:8      | Reached **** piety under Okawaru
  7637 | D:8      | Reached skill level 5 in Invocations
  8107 | D:8      | Learned a level 2 spell: Blink
  8110 | D:8      | Learned a level 2 spell: Shroud of Golubria
  8112 | D:8      | Learned a level 1 spell: Summon Butterflies
  8363 | D:9      | Reached XP level 10. HP: 80/80 MP: 15/17
  8369 | D:9      | Found a staircase to the Orcish Mines.
  8470 | D:9      | Reached ***** piety under Okawaru
  8470 | D:9      | Reached skill level 5 in Short Blades
  8470 | D:9      | Reached skill level 5 in Long Blades
  8470 | D:9      | Reached skill level 5 in Axes
  8470 | D:9      | Reached skill level 5 in Maces & Flails
  8470 | D:9      | Reached skill level 5 in Polearms
  8470 | D:9      | Reached skill level 5 in Staves
  8470 | D:9      | Reached skill level 5 in Slings
  8470 | D:9      | Reached skill level 5 in Bows
  8470 | D:9      | Reached skill level 5 in Crossbows
  8470 | D:9      | Reached skill level 5 in Throwing
  8470 | D:9      | Reached skill level 5 in Armour
  8470 | D:9      | Reached skill level 5 in Shields
  8470 | D:9      | Reached skill level 5 in Spellcasting
  9656 | D:9      | Received a gift from Okawaru
 10227 | D:10     | Entered Level 10 of the Dungeon
 10248 | D:10     | Noticed a gargoyle
 10525 | Lair:1   | Entered Level 1 of the Lair of Beasts
 10529 | Lair:1   | Noticed a spiny frog
 10534 | Lair:1   | Noticed a spiny frog
 10548 | D:8      | Killed a spiny frog
 10554 | D:8      | Killed a spiny frog
 10646 | Lair:1   | Received a gift from Okawaru
 10656 | Lair:1   | Reached XP level 11. HP: 71/87 MP: 19/19
 11544 | Lair:2   | Noticed a seven-headed hydra
 11557 | Lair:2   | Killed a seven-headed hydra
 11557 | Lair:2   | Reached skill level 5 in Conjurations
 11557 | Lair:2   | Reached skill level 5 in Hexes
 11557 | Lair:2   | Reached skill level 5 in Charms
 11557 | Lair:2   | Reached skill level 5 in Summonings
 11557 | Lair:2   | Reached skill level 5 in Necromancy
 11557 | Lair:2   | Reached skill level 5 in Transmutations
 11557 | Lair:2   | Reached skill level 5 in Fire Magic
 11557 | Lair:2   | Reached skill level 5 in Ice Magic
 11557 | Lair:2   | Reached skill level 5 in Air Magic
 11557 | Lair:2   | Reached skill level 5 in Earth Magic
 11557 | Lair:2   | Reached skill level 5 in Poison Magic
 12205 | Lair:2   | Received a gift from Okawaru
 12643 | Lair:2   | Received a gift from Okawaru
 13065 | Lair:2   | Found a staircase to the Snake Pit.
 13227 | Lair:2   | Received a gift from Okawaru
 13230 | Lair:2   | Got an ancient trident {god gift}
 13237 | Lair:2   | Identified the +4 trident of Kaqo {freeze, *Noise Dex+8} (Okawaru gifted it to you on level 2 of the Lair of Beasts)
 13742 | Lair:1   | Reached XP level 12. HP: 88/96 MP: 22/22
 13903 | Lair:1   | Found the +8 whip "Snakebite" {curare, rPois}
 14880 | Lair:3   | Noticed a death yak
 14890 | Lair:3   | Noticed a death yak
 14893 | Lair:3   | Noticed a death yak
 14897 | Lair:3   | Killed a death yak
 14919 | Lair:3   | Killed a death yak
 14932 | Lair:3   | Killed a death yak
 14932 | Lair:3   | Received a gift from Okawaru
 14935 | Lair:3   | Got a bloodstained ring mail {god gift}
 15075 | Lair:3   | Identified the +0 ring mail of the Heron {rElec rPois rC- rCorr} (Okawaru gifted it to you on level 3 of the Lair of Beasts)
 15486 | Lair:3   | Found a staircase to the Shoals.
 16283 | Lair:4   | Found a labyrinth entrance.
 16302 | Lab      | Entered a labyrinth
 16406 | Lab      | Reached skill level 10 in Fighting
 17041 | Lab      | Noticed a minotaur
 17049 | Lab      | Killed a minotaur
 17052 | Lab      | Found the +5 scythe "Finisher" {speed, Str+3}
 17125 | Lair:4   | Reached XP level 13. HP: 103/103 MP: 24/24
 17151 | Lair:4   | Gained mutation: Your body sometimes deteriorates upon taking damage. [mutagenic glow]
 17411 | Lair:4   | Noticed Harold
 17698 | Lair:4   | Killed Harold
 18736 | Lair:4   | Received a gift from Okawaru
 19180 | Lair:5   | Received a gift from Okawaru
 19418 | Lair:5   | Received a gift from Okawaru
 19675 | Lair:5   | Identified a scroll of acquirement
 19935 | Lair:6   | Entered Level 6 of the Lair of Beasts
 20232 | Lair:6   | Reached ****** piety under Okawaru
 20309 | Lair:6   | Noticed a fire dragon
 20338 | Lair:6   | Killed a fire dragon
 20471 | Lair:6   | Reached XP level 14. HP: 111/111 MP: 26/26
 20651 | Lair:6   | Noticed Josephine
 20660 | Lair:6   | Killed Josephine
 21137 | Lair:6   | Found a runed door.
 21138 | Lair:6   | Found a viscous altar of Jiyva.
 21159 | Lair:6   | Found a staircase to the Slime Pits.
 21625 | Lair:6   | Received a gift from Okawaru
 22653 | Lair:6   | Learned a level 4 spell: Summon Lightning Spire
 22730 | Lair:6   | Found the amulet of the Air {Inacc +Fly rElec EV+5 RMsl}
 23559 | D:6      | Killed pk666's ghost
 23675 | D:10     | Reached skill level 10 in Invocations
 24449 | D:10     | Found Teugics's Distillery.
 24578 | D:10     | Bought a potion of heal wounds for 70 gold pieces
 24578 | D:10     | Bought a potion of mutation for 112 gold pieces
 24578 | D:10     | Bought a potion of heal wounds for 70 gold pieces
 24578 | D:10     | Bought a potion of haste for 140 gold pieces
 24578 | D:10     | Bought a potion of mutation for 112 gold pieces
 24578 | D:10     | Bought a potion of berserk rage for 70 gold pieces
 24856 | D:10     | Got an uncursed dazzling whip {holy}
 24860 | D:10     | Identified the +2 whip "Rinir" {holy, rC+} (You took it off a centaur on level 10 of the Dungeon)
 25083 | D:11     | Found Vuamet's Food Emporium.
 25688 | D:11     | Received a gift from Okawaru
 25874 | D:11     | Found Gahec's Magic Scroll Shoppe.
 26246 | Orc:1    | Entered Level 1 of the Orcish Mines
 26260 | Orc:1    | Found a runed door.
 26280 | Orc:1    | Noticed Orghapte's ghost (journeyman NaWz)
 26281 | Orc:1    | Found a burning altar of Makhleb.
 26597 | Orc:2    | Entered Level 2 of the Orcish Mines
 26650 | Orc:2    | Found a roughly hewn altar of Beogh.
 26682 | Orc:2    | Found a staircase to the Elven Halls.
 26853 | Orc:2    | Found Xanorch's Antique Armour Boutique.
 28203 | Orc:2    | Noticed an orc warlord
 28240 | Orc:2    | Killed an orc warlord
 28240 | Orc:2    | Reached XP level 15. HP: 119/119 MP: 21/28
 28463 | Orc:2    | Found a roughly hewn altar of Beogh.
 28465 | Orc:2    | Found Puntet Xurr's Antique Weapon Shop.
 28478 | Orc:2    | Bought a dazzling great sword for 356 gold pieces
 28479 | Orc:2    | Identified the +6 great sword of Doom {slice, *Corrode Int+3 SInv} (You bought it in a shop on level 2 of the Orcish Mines)
 28503 | Orc:2    | Found a burning altar of Makhleb.
 28557 | Orc:2    | Found a roughly hewn altar of Beogh.
 28579 | Orc:2    | Found Muvun's Magic Scroll Boutique.
 28761 | Orc:2    | Reached skill level 10 in Dodging
 28761 | Orc:2    | Reached skill level 10 in Unarmed Combat
 28761 | Orc:2    | Reached skill level 10 in Evocations
 28946 | Orc:2    | Found Zeled's Antique Armour Emporium.
 28947 | Orc:2    | Found a roughly hewn altar of Beogh.
 28948 | Orc:2    | Found Fanuyc's Antique Weapon Shoppe.
 28961 | Orc:2    | Bought a helmet for 135 gold pieces
 29029 | Orc:2    | Found a roughly hewn altar of Beogh.
 29358 | Orc:1    | Found Jefudal's Antique Weapon Emporium.
 29369 | Orc:1    | Bought a transparent war axe for 314 gold pieces
 29369 | Orc:1    | Bought a runed broad axe for 259 gold pieces
 29371 | Orc:1    | Identified the +4 war axe of Cyoff {speed, rC+ rN+} (You bought it in a shop on level 1 of the Orcish Mines)
 29948 | D:12     | Reached skill level 10 in Stealth
 30461 | D:12     | Found Oposear's Antique Weapon Shop.
 30660 | D:13     | Found a stormy altar of Qazlal.
 30746 | D:13     | Found a shimmering altar of Xom.
 30751 | D:13     | Got a bone quarterstaff
 30754 | D:13     | Found a shimmering altar of Xom.
 30754 | D:13     | Found a shimmering altar of Xom.
 30755 | D:13     | Found a shimmering altar of Xom.
 30757 | D:13     | Found a shimmering altar of Xom.
 30786 | D:13     | Found a flagged portal.
 30861 | Bailey   | Entered a bailey
 30981 | Bailey   | Identified the cursed +3 quarterstaff of Haamnaun {speed, +Blink +Inv Int+7 Stlth+} (You found it on level 13 of the Dungeon)
 31437 | D:13     | Got a vibrating copper ring
 31440 | D:13     | Identified the ring "Guwk" {rN++ SInv} (You acquired it on level 13 of the Dungeon)
 31469 | D:13     | Reached skill level 10 in Translocations
 32013 | D:13     | Received a gift from Okawaru
 32108 | D:13     | Received a gift from Okawaru
 32108 | D:13     | Reached skill level 10 in Short Blades
 32108 | D:13     | Reached skill level 10 in Long Blades
 32108 | D:13     | Reached skill level 10 in Axes
 32108 | D:13     | Reached skill level 10 in Maces & Flails
 32108 | D:13     | Reached skill level 10 in Polearms
 32108 | D:13     | Reached skill level 10 in Staves
 32108 | D:13     | Reached skill level 10 in Slings
 32108 | D:13     | Reached skill level 10 in Bows
 32108 | D:13     | Reached skill level 10 in Crossbows
 32108 | D:13     | Reached skill level 10 in Throwing
 32108 | D:13     | Reached skill level 10 in Armour
 32108 | D:13     | Reached skill level 10 in Shields
 32108 | D:13     | Reached skill level 10 in Spellcasting
 32153 | D:13     | Found a shimmering altar of Xom.
 32165 | D:13     | Found a gate to the Vaults.
 32211 | D:13     | Found a shimmering altar of Xom.
 32279 | D:14     | Found an iron altar of Okawaru.
 33225 | D:14     | HP: 2/120 [something/bolt of fire (16)]
 34108 | D:14     | Received a gift from Okawaru
 34646 | D:14     | Upgraded the game from 0.22-a0-565-gfc6459a to 0.22-a0-567-gff9aefc
 34821 | Snake:1  | Entered Level 1 of the Snake Pit
 35313 | Snake:1  | Found Cyiru's Magic Scroll Shoppe.
 35343 | Snake:1  | Received a gift from Okawaru
 35610 | Snake:1  | Bought a scroll of holy word for 120 gold pieces
 35610 | Snake:1  | Bought a scroll of identify for 32 gold pieces
 35610 | Snake:1  | Bought a scroll of fog for 32 gold pieces
 35610 | Snake:1  | Bought a scroll of enchant armour for 120 gold pieces
 35610 | Snake:1  | Bought a scroll of fear for 56 gold pieces
 35610 | Snake:1  | Bought a scroll of identify for 32 gold pieces
 35610 | Snake:1  | Bought a scroll of identify for 32 gold pieces
 35610 | Snake:1  | Bought a scroll of identify for 32 gold pieces
 35610 | Snake:1  | Bought a scroll of teleportation for 48 gold pieces
 35610 | Snake:1  | Bought a scroll of teleportation for 48 gold pieces
 35927 | Snake:1  | Reached XP level 16. HP: 112/127 MP: 30/30
 36748 | Snake:2  | Noticed a nagaraja
 36972 | Snake:2  | Killed a nagaraja
 37032 | Snake:2  | Received a gift from Okawaru
 37800 | Snake:2  | Received a gift from Okawaru
 37862 | Snake:2  | Noticed Jorgrun
 37887 | Snake:2  | Killed Jorgrun
 37887 | Snake:2  | Received a gift from Okawaru
 38443 | Snake:3  | Received a gift from Okawaru
 38615 | Snake:3  | Got a scorched hat {god gift}
 39001 | Snake:2  | Identified the +3 hat of the Lair of Beasts {rElec rCorr Int+5} (Okawaru gifted it to you on level 3 of the Snake Pit)
 39120 | Snake:3  | Found a shimmering altar of Xom.
 40555 | Snake:3  | Reached XP level 17. HP: 129/135 MP: 32/32
 40975 | Snake:3  | Found Daqupn's Book Shop.
 41109 | Snake:4  | Entered Level 4 of the Snake Pit
 41361 | Snake:4  | Found a frozen archway.
 41435 | IceCv    | Entered an ice cave
 42367 | IceCv    | Received a gift from Okawaru
 42641 | IceCv    | Noticed an Ice Fiend
 42675 | IceCv    | Killed an Ice Fiend
 42935 | IceCv    | Got an ancient hat
 42947 | IceCv    | Identified the +2 hat of the Sunfish {rCorr Dex+6} (You found it in an ice cave)
 44887 | Snake:4  | Received a gift from Okawaru
 44905 | Snake:4  | Got a scorched arbalest {god gift}
 44909 | Snake:4  | Identified the +6 arbalest "Misirch" {velocity, MR+ Dex+4 SInv} (Okawaru gifted it to you on level 4 of the Snake Pit)
 44962 | Snake:4  | Noticed Vashnia
 44991 | Snake:4  | Killed Vashnia
 45012 | Snake:4  | Reached skill level 10 in Conjurations
 45012 | Snake:4  | Reached skill level 10 in Hexes
 45012 | Snake:4  | Reached skill level 10 in Charms
 45012 | Snake:4  | Reached skill level 10 in Summonings
 45012 | Snake:4  | Reached skill level 10 in Necromancy
 45012 | Snake:4  | Reached skill level 10 in Transmutations
 45012 | Snake:4  | Reached skill level 10 in Fire Magic
 45012 | Snake:4  | Reached skill level 10 in Ice Magic
 45012 | Snake:4  | Reached skill level 10 in Air Magic
 45012 | Snake:4  | Reached skill level 10 in Earth Magic
 45012 | Snake:4  | Reached skill level 10 in Poison Magic
 45094 | Snake:4  | Reached XP level 18. HP: 107/143 MP: 29/33
 45212 | Snake:4  | Received a gift from Okawaru
 45758 | Snake:4  | Received a gift from Okawaru
 46373 | Snake:4  | Got a serpentine rune of Zot
 46769 | Shoals:1 | Entered Level 1 of the Shoals
 46809 | Lair:3   | Received a gift from Okawaru
 47793 | Lair:3   | Upgraded the game from 0.22-a0-567-gff9aefc to 0.22-a0-570-g58866f5
 48165 | Shoals:1 | Noticed Kirke
 48192 | Shoals:1 | Killed Kirke
 49853 | Shoals:2 | Received a gift from Okawaru
 50567 | Shoals:3 | Noticed Mara
 50897 | Shoals:3 | Noticed erloom's illusion
 50900 | Shoals:3 | Killed Mara
 50900 | Shoals:3 | Received a gift from Okawaru
 50934 | Shoals:3 | Received a gift from Okawaru
 51333 | Shoals:3 | Found Houcucau's Magic Scroll Shop.
 51343 | Shoals:3 | Bought a scroll of teleportation for 42 gold pieces
 51343 | Shoals:3 | Bought a scroll of fear for 49 gold pieces
 51343 | Shoals:3 | Bought a scroll of teleportation for 42 gold pieces
 51343 | Shoals:3 | Bought a scroll of identify for 28 gold pieces
 51343 | Shoals:3 | Bought a scroll of teleportation for 42 gold pieces
 51343 | Shoals:3 | Bought a scroll of teleportation for 42 gold pieces
 51343 | Shoals:3 | Bought a scroll of fog for 28 gold pieces
 51343 | Shoals:3 | Bought a scroll of fear for 49 gold pieces
 51343 | Shoals:3 | Bought a scroll of summoning for 133 gold pieces
 51533 | Shoals:4 | Entered Level 4 of the Shoals
 51683 | Shoals:4 | Received a gift from Okawaru
 51696 | Shoals:4 | Got a warped rapier
 51703 | Shoals:4 | Identified the +1 rapier of Valour {pain, Fragile rN+ Dex+2} (You found it on level 4 of the Shoals)
 51719 | Shoals:4 | Identified a +2 pair of boots of running (Okawaru gifted it to you on level 4 of the Shoals)
 51991 | Shoals:4 | Reached XP level 19. HP: 139/151 MP: 33/35
 52037 | Shoals:4 | Identified the Tome of Helpful Moulding
 52134 | Shoals:4 | Got a transparent dagger
 52141 | Shoals:4 | Identified the +9 dagger of Accidental Termination {flame, rPois MP+9 Str-4 Int+6} (You found it on level 4 of the Shoals)
 52300 | Shoals:4 | Noticed Ilsuiw
 52500 | Shoals:4 | Killed Ilsuiw
 53697 | Shoals:4 | Got a barnacled rune of Zot
 54535 | Shoals:4 | Got a shimmering war axe
 54536 | Shoals:4 | Identified the +6 war axe of Fedhas's Scorn {drain, Str+5 Int-4} (You found it on level 4 of the Shoals)
 55057 | D:15     | Entered Level 15 of the Dungeon
 55455 | D:15     | Found a staircase to the Depths.
 56050 | Elf:1    | Entered Level 1 of the Elven Halls
 56816 | Elf:1    | Received a gift from Okawaru
 56819 | Elf:1    | Cast into level 3 of the Abyss (a deep elf demonologist)
 56820 | Abyss:3  | Found a corrupted altar of Lugonu.
 56896 | Abyss:3  | Paralysed by accursed screaming for 1 turns
 56896 | Abyss:3  | Gained mutation: You do not regenerate when monsters are visible. [a shining eye]
 56907 | Abyss:3  | Received a gift from Okawaru
 56926 | Elf:1    | Escaped the Abyss
 57326 | Elf:1    | Upgraded the game from 0.22-a0-570-g58866f5 to 0.22-a0-580-gd5db89c
 59858 | Elf:1    | Upgraded the game from 0.22-a0-580-gd5db89c to 0.22-a0-601-gb0ed703
 59886 | Elf:3    | Entered Level 3 of the Elven Halls
 60028 | Elf:2    | Reached XP level 20. HP: 99/159 MP: 36/36
 60278 | Elf:2    | Found a runed gate.
 60283 | Elf:2    | Found a runed gate.
 60284 | Elf:2    | Found a runed gate.
 60351 | Elf:2    | Upgraded the game from 0.22-a0-601-gb0ed703 to 0.22-a0-612-gd2f0174
 61666 | Elf:2    | Received a gift from Okawaru
 62478 | Vaults:1 | Entered Level 1 of the Vaults
 63042 | Vaults:1 | Paralysed by a great orb of eyes for 5 turns
 63423 | Vaults:1 | Found a flickering gateway to a bazaar.
 63432 | Bazaar   | Entered a bazaar
 63434 | Bazaar   | Found Emuudox's Food Boutique.
 63438 | Bazaar   | Found Yddua's Jewellery Boutique.
 63438 | Bazaar   | Found Dumem's Book Boutique.
 63438 | Bazaar   | Found Nusedo Othrul's General Store.
 63476 | Bazaar   | Bought an uncursed ring of see invisible for 165 gold pieces
 63481 | Bazaar   | Bought a potion of invisibility for 56 gold pieces
 63481 | Bazaar   | Bought a scroll of identify for 14 gold pieces
 63569 | Vaults:1 | HP: 6/160 [fire dragon/blast of flame (28)]
 63941 | Vaults:1 | Upgraded the game from 0.22-a0-612-gd2f0174 to 0.23-a0-54-gae6112e
 63970 | Vaults:1 | Received a gift from Okawaru
 63986 | Vaults:1 | Got a transparent hunting sling {god gift}
 64144 | Vaults:1 | Identified the +8 hunting sling of Subjectivity {flame, rC+ Dex-5 Stlth+} (Okawaru gifted it to you on level 1 of the Vaults)
 66041 | Vaults:2 | Received a gift from Okawaru
 66079 | Vaults:2 | Got a bloodstained ring mail {god gift}
 66083 | Vaults:2 | Identified the +0 ring mail of Surprise {rF+} (Okawaru gifted it to you on level 2 of the Vaults)
 67027 | Vaults:2 | Reached XP level 21. HP: 150/166 MP: 38/38
 67816 | Vaults:2 | Found a staircase to the Crypt.
 68377 | Vaults:2 | Received a gift from Okawaru
 68839 | Vaults:3 | Found Ryong's Antique Armour Shop.
 69545 | Vaults:3 | Got an encrusted ring mail
 69547 | Vaults:3 | Identified the +2 ring mail of Levity {rElec rN+++ Dex-3} (You found it on level 3 of the Vaults)
 69652 | Vaults:3 | Reached skill level 15 in Fighting
 70280 | Vaults:3 | Reached skill level 15 in Invocations
 71080 | Vaults:3 | Received a gift from Okawaru
 72133 | Vaults:4 | Received a gift from Okawaru
 72728 | Vaults:4 | Reached XP level 22. HP: 172/175 MP: 40/40
 72844 | Vaults:4 | Received a gift from Okawaru
 73345 | Vaults:4 | Slain by an ettin

Vault maps used:
D:1:      noname_arrival_rooms_in_the_neighbourhood
D:3:      chequers_ecumenical_altar_simple_redux, first_ration
D:4:      nicolae_overflow_hidden_temple, temple_fountains
D:5:      grunt_temple_overflow_lords_of_destruction
D:6:      ebering_ghost_inner_flame, gup_sewer_entry_bowl
D:8:      due_lair_maze_entry_diamond
D:9:      orc_0_dummy
D:10:     serial_shops, shop_fountains, hangedman_little_slice_of_home
D:11:     minmay_distorted_concentric_squares, serial_shops, shop,
          nicolae_shop_stone
D:12:     serial_shops, shop, grunt_potential
D:13:     david_vaults_2, enter_bailey_1, basic_altar, nicolae_xom_altar_mimics
D:14:     wad_woods_river_04, basic_altar
D:15:     hangedman_depths_entry_try_elsewhere_first, minmay_strange_pillars
Temple:   nicolae_temple_x_marks_the_god
Lair:1:   minmay_guarded_unrand_snakebite, grunt_megastairs_2,
          infiniplex_staircase_pool_2
Lair:2:   guppyfry_snake_entry_garden, special_room, grunt_forest_stairs_basic
Lair:3:   minmay_shoals_entry_hut, kennysheep_rathole, serial_bayou_shore_b
Lair:4:   lab_entry_generic, hangedman_lair_unloving_vines, grunt_megastairs_4,
          uniq_harold
Lair:6:   guppyfry_lair_end_dragon, hangedman_lair_caniforms_friends,
          slime_altar_2, uniq_josephine
Shoals:1: nicolae_shoals_water_elemental_grotto, uniq_kirke
Shoals:2: nicolae_shoals_siren_and_animal_friends
Shoals:3: serial_shops, nicolae_shop_statue_plus, uniq_mara
Shoals:4: shoals_end_simple, shoal_ilsuiw, nicolae_shoals_stone_sculpture_thing
Snake:1:  serial_shops, shop_scrolls, hangedman_snake_thin_pillar_pass,
          nicolae_snake_round_shape_thing, grunt_ministairs_8
Snake:2:  uniq_jorgrun
Snake:3:  serial_shops, nicolae_shop_trees, lemuel_oklob_altar
Snake:4:  johnstein_snake_rune_scales, portal_ice_cave_entry_pillars_2,
          nicolae_snake_serpentine_hallways, st_stairs_8
Orc:1:    nicolae_orc_accident_1, ebering_ghost_inner_flame, serial_shops,
          nicolae_shop_overgrown_old_shop, basic_altar
Orc:2:    grunt_orc_community_town_hall, grunt_orc_community_big_house_2,
          grunt_orc_community_big_house_1, grunt_orc_community_house_2,
          grunt_orc_community_house_3, grunt_orc_community_house_2,
          grunt_orc_community_house_2, grunt_orc_community_house_1,
          serial_shops, nicolae_shop_temple_entry_statues_fountains,
          bloody_makhleb
Elf:1:    lightli_enter_wizlab_magi_temple, minivault_28, chequers_big_river
Elf:2:    dk_noncrumbling_3, st_stairs_8
Elf:3:    grunt_elf_hall_branching
Vaults:1: v_alt_pattern_2, vaults_room_boxed, nicolae_vaults_triangles,
          vaults_room_pool, serial_ice_b, st_cells, ontoclasm_vaults_idyll,
          vaults_mumra_hexcomb, ontoclasm_vaults_decontamination,
          dpeg_vaults_monster_box, vaults_dpeg_diagonal,
          nicolae_vaults_little_ls, serial_shops, bzr_firewalk
Vaults:2: nicolae_vaults_lopsided_apartments, blue_anna_dwarven_crypt,
          nicolae_vaults_ring_of_whatevers, grunt_vaults_diagonal,
          nicolae_vaults_rhombus_5, hangedman_vaults_stagger,
          grunt_vaults_swirl, vaults_dpeg_hooks, hangedman_vaults_locks,
          nicolae_vaults_yaktaur_gun_rack, v_misc_17, v_misc_5, v_misc_29
Vaults:3: v_rooms_2, vaults_standard_mumra_enter_the_diamond, v_misc_14,
          nicolae_vaults_network_star, hangedman_vaults_slither, st_cells,
          vaults_room_corners, vaults_room_semicircle, v_misc_16,
          grunt_vaults_hallway_short, hangedman_vaults_trim, serial_shops,
          nicolae_shop_trees
Vaults:4: vaults_room_stairs_pillars, vaults_room_corners, v_misc_2,
          vaults_mumra_lcd, vaults_mumra_minichess_inversion, vaults_dpeg_ring,
          nicolae_vaults_arrows, nicolae_vaults_specimen_jars, v_misc_33,
          ontoclasm_vaults_fault, hangedman_vaults_river_flow, vaults_room_pool,
          serial_ice_m, nicolae_vaults_little_squares_3, ontoclasm_vaults_pinch
Abyss:3:  hangedman_abyss_feature_spike,
          evilmike_nicolae_abyss_rune_containment_curve
Lab:      labyrinth_hidden_loot, labyrinth_fake_exit, nicolae_lab_grate_2,
          labyrinth_skeletal_remains, nicolae_lab_plus,
          labyrinth_baited_teleportation_trap, nicolae_lab_very_dead_end,
          nicolae_lab_grate
Bazaar:   bazaar_minmay_cross
Bailey:   bailey_polearm_5, bailey
IceCv:    ice_cave_caverns_03

Skill      XL: |  1  2  3  4  5  6  7  8  9 10 11 12 13 14 15 16 17 18 19 20 21 |
---------------+----------------------------------------------------------------+-----
Invocations    | 1 2 3 4 5 6 7 8 9 10 11 12 13 14 15 | 15.3
Short Blades   | 1 2 3 4 5 6 7 8 9 10 11 12 13 14 | 14.2
Long Blades    | 1 2 3 4 5 6 7 8 9 10 11 12 13 14 | 14.2
Axes           | 1 2 3 4 5 6 7 8 9 10 11 12 13 14 | 14.2
Maces & Flails | 1 2 3 4 5 6 7 8 9 10 11 12 13 14 | 14.2
Polearms       | 1 2 3 4 5 6 7 8 9 10 11 12 13 14 | 14.2
Staves         | 1 2 3 4 5 6 7 8 9 10 11 12 13 14 | 14.2
Slings         | 1 2 3 4 5 6 7 8 9 10 11 12 13 14 | 14.2
Bows           | 1 2 3 4 5 6 7 8 9 10 11 12 13 14 | 14.2
Crossbows      | 1 2 3 4 5 6 7 8 9 10 11 12 13 14 | 14.2
Throwing       | 1 2 3 4 5 6 7 8 9 10 11 12 13 14 | 14.2
Armour         | 1 2 3 4 5 6 7 8 9 10 11 12 13 14 | 14.2
Shields        | 1 2 3 4 5 6 7 8 9 10 11 12 13 14 | 14.2
Spellcasting   | 1 2 3 4 5 6 7 8 9 10 11 12 13 14 | 14.2
Conjurations   | 1 2 3 4 5 6 7 8 9 10 11 12 | 12.2
Hexes          | 1 2 3 4 5 6 7 8 9 10 11 12 | 12.2
Charms         | 1 2 3 4 5 6 7 8 9 10 11 12 | 12.2
Summonings     | 1 2 3 4 5 6 7 8 9 10 11 12 | 12.2
Necromancy     | 1 2 3 4 5 6 7 8 9 10 11 12 | 12.2
Transmutations | 1 2 3 4 5 6 7 8 9 10 11 12 | 12.2
Fire Magic     | 1 2 3 4 5 6 7 8 9 10 11 12 | 12.2
Ice Magic      | 1 2 3 4 5 6 7 8 9 10 11 12 | 12.2
Air Magic      | 1 2 3 4 5 6 7 8 9 10 11 12 | 12.2
Earth Magic    | 1 2 3 4 5 6 7 8 9 10 11 12 | 12.2
Poison Magic   | 1 2 3 4 5 6 7 8 9 10 11 12 | 12.2
Dodging        | 3 4 5 6 7 8 9 10 11 12 13 14 | 14.4
Unarmed Combat | 3 4 5 6 7 8 9 10 11 12 13 14 | 14.4
Evocations     | 3 4 5 6 7 8 9 10 11 12 13 14 | 14.4
Stealth        | 3 4 5 6 7 8 9 10 11 12 13 14 | 14.4
Fighting       | 7 8 9 10 11 12 13 14 15 | 15.3
Translocations | 6 7 8 9 10 11 12 13 | 13.2

Action                   |  1- 3 |  4- 6 |  7- 9 | 10-12 | 13-15 | 16-18 | 19-21 | 22-24 || total
-------------------------+-------+-------+-------+-------+-------+-------+-------+-------++-------
Melee: Club              |    15 |       |       |       |       |       |       |       ||    15
       Short sword       |   129 |       |       |       |       |       |       |       ||   129
       Bite              |    17 |     9 |    31 |   124 |   346 |   254 |   409 |    21 ||  1211
       Punch             |     2 |       |     2 |       |       |       |       |       ||     4
       Flail             |     1 |   105 |   230 |   459 |       |       |       |       ||   795
       Whip              |       |       |       |   298 |   837 |       |       |       ||  1135
       Unarmed           |       |       |       |       |     7 |       |       |       ||     7
       Scythe            |       |       |       |       |   666 |       |       |       ||   666
       Broad axe         |       |       |       |       |   706 |  1921 |  2578 |   121 ||  5326
       War axe           |       |       |       |       |    77 |       |       |       ||    77
       Hunting sling     |       |       |       |       |       |       |     4 |       ||     4
 Fire: Hunting sling     |    17 |    54 |    61 |   105 |       |       |    14 |       ||   251
Throw: Stone             |     2 |       |     6 |     2 |       |       |       |       ||    10
       Javelin           |       |       |       |     8 |    51 |    25 |     8 |       ||    92
       Tomahawk          |       |       |       |       |    59 |    26 |       |       ||    85
 Cast: Shroud of Golubri |       |       |       |       |       |       |       |     1 ||     1
Invok: Heroism           |       |       |       |    19 |    20 |    28 |    15 |     2 ||    84
       Finesse           |       |       |       |     2 |     8 |     8 |     5 |     2 ||    25
 Abil: Evoke Flight      |       |       |       |       |       |     2 |       |       ||     2
Evoke: Wand              |       |       |     3 |       |       |     7 |     3 |       ||    13
  Use: Scroll            |       |    12 |     7 |     8 |    27 |     8 |    17 |     1 ||    80
       Potion            |       |       |     1 |     1 |     7 |     3 |     3 |       ||    15
 Stab: Sleeping          |       |       |     2 |     1 |       |       |       |       ||     3
       Confused          |       |       |       |       |     2 |       |       |       ||     2
       Invisible         |       |       |       |       |       |       |     9 |       ||     9
  Eat: Chunk             |     4 |    22 |     4 |    20 |    55 |    34 |    53 |     2 ||   194
       Ration            |       |       |       |     4 |     2 |     6 |     4 |       ||    16
Armor: Robe              |    28 |       |       |       |       |       |       |       ||    28
       Ring mail         |     7 |       |       |       |       |       |       |       ||     7
       Scale mail        |     1 |    47 |    61 |   125 |    78 |       |       |       ||   312
       Crystal plate arm |       |       |       |       |  1117 |   916 |   950 |    32 ||  3015
       Chain mail        |       |       |       |       |       |     1 |       |       ||     1
Dodge: Dodged            |   103 |    57 |   113 |   300 |   708 |   461 |   577 |    39 ||  2358
       Deflected         |       |       |       |       |    37 |    53 |    59 |     4 ||   153
Block: Shield            |       |       |    77 |   347 |   801 |  1273 |  1378 |    92 ||  3968

Table legend:
 A = Spawn XP
 B = Non-spawn XP
 C = Spawn XP percentage of total XP
 D = Spawn monster count
 E = Non-spawn monster count
 F = Spawn count percentage of total count
 G = Total turns spent on level
                    A         B        C        D         E        F      G
               +---------+---------+-------+---------+---------+-------+---------
         Total |    3468 |  615757 |   0.6 |       4 |    1678 |   0.2 | 73345
               +---------+---------+-------+---------+---------+-------+---------
           D:1 |       0 |      37 |   0.0 |       0 |      24 |   0.0 |  1148
           D:2 |       0 |      29 |   0.0 |       0 |       9 |   0.0 |   992
           D:3 |       0 |     107 |   0.0 |       0 |      35 |   0.0 |   767
           D:4 |       0 |     284 |   0.0 |       0 |      17 |   0.0 |   695
           D:5 |       0 |     616 |   0.0 |       0 |      13 |   0.0 |  1140
           D:6 |       0 |    1031 |   0.0 |       0 |      22 |   0.0 |  1054
           D:7 |       0 |     852 |   0.0 |       0 |      25 |   0.0 |  1700
           D:8 |       0 |    3106 |   0.0 |       0 |      32 |   0.0 |  1116
           D:9 |       0 |    2997 |   0.0 |       0 |      30 |   0.0 |  2429
          D:10 |       0 |    2947 |   0.0 |       0 |      29 |   0.0 |  1376
          D:11 |       0 |    5531 |   0.0 |       0 |      24 |   0.0 |  1300
          D:12 |       0 |    6314 |   0.0 |       0 |      39 |   0.0 |   749
          D:13 |       0 |   13190 |   0.0 |       0 |      46 |   0.0 |  1835
          D:14 |       0 |    8747 |   0.0 |       0 |      52 |   0.0 |  2108
          D:15 |       0 |   14938 |   0.0 |       0 |      37 |   0.0 |   872
        Lair:1 |       0 |    6593 |   0.0 |       0 |      35 |   0.0 |  2040
        Lair:2 |       0 |    6039 |   0.0 |       0 |      41 |   0.0 |  2268
        Lair:3 |       0 |    9168 |   0.0 |       0 |      33 |   0.0 |  2412
        Lair:4 |       0 |   14757 |   0.0 |       0 |      40 |   0.0 |  2202
        Lair:5 |       0 |    3956 |   0.0 |       0 |      18 |   0.0 |   997
        Lair:6 |       0 |   22479 |   0.0 |       0 |      92 |   0.0 |  3383
      Shoals:1 |       0 |   14956 |   0.0 |       0 |      34 |   0.0 |  1416
      Shoals:2 |       0 |   13273 |   0.0 |       0 |      23 |   0.0 |  1453
      Shoals:3 |       0 |   15946 |   0.0 |       0 |      16 |   0.0 |  1212
      Shoals:4 |       0 |   37089 |   0.0 |       0 |      60 |   0.0 |  2980
       Snake:1 |       0 |   13587 |   0.0 |       0 |      26 |   0.0 |  2038
       Snake:2 |       0 |   21844 |   0.0 |       0 |      28 |   0.0 |  2916
       Snake:3 |       0 |   30011 |   0.0 |       0 |      54 |   0.0 |  1383
       Snake:4 |       0 |   66274 |   0.0 |       0 |     113 |   0.0 |  3907
         Orc:1 |       0 |    1708 |   0.0 |       0 |      23 |   0.0 |  1364
         Orc:2 |       0 |   10558 |   0.0 |       0 |     105 |   0.0 |  2345
         Elf:1 |       0 |   26268 |   0.0 |       0 |      40 |   0.0 |  2924
         Elf:2 |       0 |   31004 |   0.0 |       0 |      40 |   0.0 |  3255
      Vaults:1 |       0 |   39755 |   0.0 |       0 |      72 |   0.0 |  3086
      Vaults:2 |       0 |   57233 |   0.0 |       0 |      99 |   0.0 |  2637
      Vaults:3 |       0 |   52329 |   0.0 |       0 |      78 |   0.0 |  3230
      Vaults:4 |       0 |   43097 |   0.0 |       0 |      71 |   0.0 |  1461
       Abyss:3 |    3468 |    1000 |  77.6 |       4 |       4 |  50.0 |   107
           Lab |       0 |    3556 |   0.0 |       0 |       9 |   0.0 |   802
        Bailey |       0 |    2885 |   0.0 |       0 |      40 |   0.0 |   572
         IceCv |       0 |    9666 |   0.0 |       0 |      50 |   0.0 |  1567
               +---------+---------+-------+---------+---------+-------+---------
